 Dungeon Sprint DCSS version 0.26-a0-660-gc07710193c (webtiles) character file.

Game seed: 10725508283152422036

1838 sahdkjhfkaj the Unseen (level 8, -8/52 HPs)
             Began as a Vampire Enchanter on Oct 7, 2020.
             Was a High Priest of Dithmenos.
             Mangled by a merfolk
             ... wielding a +0 trident
              (19 damage)
             ... in the Dungeon (Sprint VII: "The Pits").
             The game lasted 00:03:35 (813 turns).

sahdkjhfkaj the Unseen (Vampire Enchanter)           Turns: 813, Time: 00:03:36

Health: -8/52      AC:  3    Str:  7    XL:     8   Next: 87%
Magic:  11/18      EV: 13    Int: 18    God:    Dithmenos [*****.]
Gold:   0          SH:  0    Dex: 16    Spells: 14/20 levels left

rFire    . . .     SeeInvis +   a - +1 dagger (venom)
rCold    . . .     Faith    .   (no shield)
rNeg     . . .     Spirit   .   b - +0 robe
rPois    .         Reflect  .   (no helmet)
rElec    .         Harm     .   r - +0 cloak
rCorr    .         Rampage  .   (no gloves)
MR       .....     NoTele   +   (no boots)
Stlth    ++++++++++             (no amulet)
HPRegen  0.37/turn              (no ring)
MPRegen  0.16/turn              (no ring)

@: very slightly contaminated, regenerating quickly, wreathed by umbra
A: fangs 3, see invisible, unbreathing
a: Exsanguinate, Shadow Step, Shadow Form, Renounce Religion


You were in the Dungeon.
You worshipped Dithmenos.
Dithmenos was extremely pleased with you.
You visited 1 branch

Inventory:

Hand Weapons
 a - a +1 dagger of venom (weapon)
Armour
 b - a +0 robe (worn)
 r - a +0 cloak (worn)
Jewellery
 n - a +3 ring of strength
 o - a +3 ring of intelligence
Scrolls
 i - a scroll of blinking
 j - 3 scrolls of remove curse
 k - 5 scrolls of amnesia
 l - a scroll of summoning
 m - 2 scrolls of vulnerability
Potions
 c - 2 potions of invisibility
 d - 7 potions of curing
 e - 12 potions of heal wounds
 f - 3 potions of haste
 g - 4 potions of magic
 h - 3 potions of berserk rage
 p - 3 potions of brilliance
 q - a potion of might


   Skills:
 + Level 7.8 Short Blades
 - Level 2.1 Dodging
 + Level 19.9 Stealth
 + Level 6.8 Spellcasting
 * Level 14.2 Hexes


You had 14 spell levels left.
You knew the following spells:

 Your Spells              Type           Power        Failure   Level
a - Corona                Hex            ######.      1%          1
b - Ensorcelled Hibernat  Hex/Ice        ####..       1%          2
c - Confusing Touch       Hex            ######..     1%          3

Your spell library contained the following spells:

 Spells                   Type           Power        Failure   Level
 Dazzling Flash           Conj/Hex       ####..       1%          3
 Tukima's Dance           Hex            ######..     1%          3


Dungeon Overview and Level Annotations

Branches:
Dungeon (1/1)

Altars:
Ashenzari
Cheibriados
Dithmenos
Elyvilon
Fedhas
Gozag
Hepliaklqana
Kikubaaqudgha
Makhleb
Nemelex Xobeh
Okawaru
Qazlal
Ru
Sif Muna
Trog
Uskayaw
Vehumet
Wu Jian
Xom
Yredelemnul
Zin
The Shining One
Beogh
Jiyva
Lugonu


Innate Abilities, Weirdness & Mutations

Your natural rate of healing is unusually fast.
You have razor-sharp teeth.
You have supernaturally acute eyesight. (SInv)
You can survive without breathing.


Message History

Unknown command.
The helpless wyvern fails to defend itself.
You skewer the wyvern like a kebab!!!!
You kill the wyvern!
Dithmenos accepts your kill.
The merfolk hits you from afar with a +0 trident!
The blink frog blinks!
Unknown command.
The blink frog hits you!
* * * LOW HITPOINT WARNING * * *
Casting: Ensorcelled Hibernation (safe; 1% risk of failure)
Confirm with . or Enter, or press ? or * to list all spells.
Aiming: Ensorcelled Hibernation (safe; 1% risk of failure)
Press: ? - help, Shift-Dir - straight line, f - blink frog
Aim: a blink frog (black smoke, umbra, chance to defeat MR: 42%)
The blink frog resists with some effort.
The blink frog hits you.
* * * LOW HITPOINT WARNING * * *
The merfolk hits you from afar with a +0 trident!!
You die...

.....)'................+
#'#####......#..#......#
...'.##................#
...#.#####'#####''######
####.##.......##''#####
...#.##.......##......+ +
...'.##.......##.§§...+ .+
#######...<...##§§§).##..##
.)))[##.......##@§§###....#
.)))[##.......##F§##.oF....
#######.......##§m#...#m.#
.##..###########§§§mo..o...
..#.############++#§gm#.F#m
.##†#..).#..[[# ##.F.F...
..#'#....#...[# ##....#
.##)'....'..))# #F.#
..#'#....#..))# ..+


You could see a merfolk and a blink frog.

Vanquished Creatures
  A smoke demon (D)
  2 gargoyles (D)
  A hornet (D)
  A wyvern (D)
  A floating eye (D)
  A black bear (D)
  A wolf (D)
  Blork the orc (D)
  A small abomination (D)
  An orc priest (D)
  A hound (D)
  An iron imp (D)
  An iguana (D)
  3 worker ants (D)
  A mummy (D)
  An adder (D)
  An ufetubus (D)
  An ooze (D)
  A leopard gecko (D)
  An orc (D)
  A giant cockroach (D)
  A goblin (D)
  A ball python (D)
  2 kobolds (D)
28 creatures vanquished.

Notes
Turn   | Place    | Note
-------+----------+-------------------------------------------
     0 | D        | sahdkjhfkaj the Vampire Enchanter began the quest for the
                  | Orb.
     0 | D        | Reached XP level 1. HP: 13/13 MP: 3/3
    17 | D        | Reached skill level 5 in Stealth
    77 | D        | Found a bloodstained altar of Trog.
    77 | D        | Found a shimmering blue altar of Sif Muna.
    77 | D        | Found a viscous altar of Jiyva.
    77 | D        | Found a hazy altar of Hepliaklqana.
    77 | D        | Found an opulent altar of Gozag.
   178 | D        | Found a glowing golden altar of the Shining One.
   178 | D        | Found a glowing silver altar of Zin.
   178 | D        | Found a basalt altar of Yredelemnul.
   178 | D        | Found a shimmering altar of Xom.
   178 | D        | Found an ornate altar of the Wu Jian Council.
   178 | D        | Found a sacrificial altar of Ru.
   178 | D        | Found a stormy altar of Qazlal.
   178 | D        | Found an iron altar of Okawaru.
   178 | D        | Found a sparkling altar of Nemelex Xobeh.
   178 | D        | Found a burning altar of Makhleb.
   178 | D        | Found a blossoming altar of Fedhas.
   178 | D        | Found a white marble altar of Elyvilon.
   178 | D        | Found a shadowy altar of Dithmenos.
   178 | D        | Found a snail-covered altar of Cheibriados.
   179 | D        | Found a radiant altar of Vehumet.
   179 | D        | Found a corrupted altar of Lugonu.
   179 | D        | Found a roughly hewn altar of Beogh.
   180 | D        | Found a hide-covered altar of Uskayaw.
   180 | D        | Found an ancient bone altar of Kikubaaqudgha.
   180 | D        | Found a broken altar of Ashenzari.
   185 | D        | Became a worshipper of Dithmenos the Shadowed
   220 | D        | Reached skill level 6 in Stealth
   267 | D        | Noticed a floating eye
   268 | D        | Killed a floating eye
   268 | D        | Reached * piety under Dithmenos
   268 | D        | Reached skill level 14 in Stealth
   268 | D        | Reached XP level 2. HP: 19/19 MP: 5/5
   268 | D        | Reached XP level 3. HP: 24/24 MP: 6/6
   268 | D        | Reached XP level 4. HP: 30/30 MP: 7/7
   290 | D        | Reached skill level 15 in Stealth
   290 | D        | Reached XP level 5. HP: 35/35 MP: 8/8
   292 | D        | Reached ** piety under Dithmenos
   473 | D        | Learned a level 2 spell: Ensorcelled Hibernation
   477 | D        | Learned a level 3 spell: Confusing Touch
   491 | D        | Reached skill level 16 in Stealth
   528 | D        | Reached *** piety under Dithmenos
   537 | D        | Reached skill level 17 in Stealth
   633 | D        | Reached **** piety under Dithmenos
   633 | D        | Reached skill level 5 in Hexes
   634 | D        | Reached XP level 6. HP: 41/41 MP: 9/9
   637 | D        | Noticed Blork the orc
   639 | D        | Killed Blork the orc
   639 | D        | Reached skill level 18 in Stealth
   648 | D        | Noticed a gargoyle
   650 | D        | Killed a gargoyle
   650 | D        | Reached skill level 10 in Hexes
   650 | D        | Reached XP level 7. HP: 46/46 MP: 10/13
   679 | D        | Reached ***** piety under Dithmenos
   679 | D        | Reached skill level 5 in Short Blades
   689 | D        | Noticed a hornet
   694 | D        | Killed a hornet
   694 | D        | Reached skill level 19 in Stealth
   694 | D        | Reached skill level 5 in Spellcasting
   696 | D        | Reached XP level 8. HP: 52/52 MP: 14/16
   786 | D        | Noticed a gargoyle
   786 | D        | Noticed a smoke demon
   792 | D        | Killed a smoke demon
   793 | D        | Killed a gargoyle
   802 | D        | Noticed a blink frog
   802 | D        | Noticed a merfolk
   802 | D        | Noticed a merfolk
   804 | D        | Noticed a blink frog
   805 | D        | Noticed a merfolk javelineer
   805 | D        | Noticed a merfolk
   806 | D        | Noticed a blink frog
   809 | D        | Noticed a blink frog
   813 | D        | Mangled by a merfolk

Illustrated notes

Levels and vault maps discovered:
D:        pitsprint [storerooms_1, entrance_room_1, metal_vault_4, armoury_1,
          mini_pit_1, grid_room_1, main_hall_1, silver_pit, the_coven_1,
          the_vestibule_1, steel_vault_2, golden_pit, hallway_of_sentries,
          crystal_vault_1, iron_vault_2, final_vault]

Skill      XL: |  1  2  3  4  5  6  7  8 |
---------------+-------------------------+-----
Stealth        | 14 15 17 18 19 | 19.9
Hexes          | 5 10 12 14 | 14.2
Short Blades   | 4 6 7 |  7.8
Spellcasting   | 4 5 6 |  6.8
Dodging        | |  2.1

Action                   |  1- 3 |  4- 6 |  7- 9 || total
-------------------------+-------+-------+-------++-------
Melee: Dagger            |    13 |    44 |    11 ||    68
       Bite              |     1 |     4 |       ||     5
 Cast: Ensorcelled Hiber |       |     4 |     2 ||     6
       Confusing Touch   |       |     1 |       ||     1
 Stab: Sleeping          |     1 |     3 |    11 ||    15
       Distracted        |       |     1 |       ||     1
       Confused          |       |     1 |       ||     1
Armor: Robe              |     3 |     6 |       ||     9
Dodge: Dodged            |     2 |    40 |     1 ||    43

Table legend: (Time is in decaauts)
 A = Elapsed time spent in this place.
 B = Non-inter-level travel time spent in this place.
 C = Inter-level travel time spent in this place.
 D = Time resting spent in this place.
 E = Time spent auto-exploring this place.
 F = Levels seen in this place.
 G = Mean time per level.
                   A        B        C        D        E       F      G
               +--------+--------+--------+--------+--------+-----+--------+
         Total |    805 |    730 |     75 |    439 |      0 |   1 |  805.0 |
       Dungeon |    805 |    730 |     75 |    439 |      0 |   1 |  805.0 |
               +--------+--------+--------+--------+--------+-----+--------+

Top non-repeatable levels by time:
       D: 805 daAuts
